[ AOE2 MATCH · #505781024 ]
UnrankedBulgarians vs Wu
Rival team · LOSS
[ REPLAY ANALYSIS · EXTRACTED FROM THE RECORDED GAME ]
Feudal
8:56
Castle
22:47
Imperial
—
| APM avg | 66.8 |
| APM peak | 101 |
| eAPM avg | 35.3 |
| Villagers / military | 93 / 24 |
Focus
⚔️ 62.6% · 🌾 37.4%
Knight ×7 · Scout Cavalry ×6 · Monk ×5 · Militia ×3 · Skirmisher ×3
Feudal
9:19
Castle
23:30
Imperial
—
| APM avg | 87.7 |
| APM peak | 152 |
| eAPM avg | 50.0 |
| Villagers / military | 86 / 24 |
Focus
⚔️ 58.1% · 🌾 41.9%
Unknown (1944) ×17 · Skirmisher ×7 · Monk ×6 · Militia ×6 · Trade Cart ×3 · Spearman ×2
Match map
Initial resources + every placement click. Lines = walls · curves = elevation contours. ◆ gold · ⬟ stone · ● berries · ✦ relic · ◌ wall gap
Your base· Open — unwalled flank
Skirmisher Timing's base· Open — 6t gap
Smoothed initial terrain · ◌ = detected wall gap · hover for details
Inputs per minute
— DS_VarVa - - Skirmisher Timing
Build order — DS_VarVa
First 150 of 231 actions detected
| 0:00 | Create | Villager (Male) |
| 0:01 | Create | Villager (Male) |
| 0:01 | Create | Villager (Male) |
| 0:02 | Build | House |
| 0:03 | Build | House |
| 0:07 | Create | Villager (Male) |
| 1:24 | Create | Villager (Male) |
| 1:52 | Build | Lumber Camp |
| 2:00 | Create | Villager (Male) |
| 2:11 | Create | Villager (Male) |
| 2:33 | Build | House |
| 2:42 | Create | Villager (Male) |
| 3:11 | Create | Villager (Male) |
| 3:27 | Create | Villager (Male) |
| 3:44 | Create | Villager (Male) |
| 4:31 | Create | Villager (Male) |
| 4:46 | Create | Villager (Male) |
| 5:14 | Create | Villager (Male) |
| 5:14 | Create | Villager (Male) |
| 5:14 | Research | Loom |
| 5:29 | Build | Barracks |
| 5:34 | Build | Barracks |
| 5:43 | Build | Palisade Wall |
| 6:41 | Build | House |
| 6:46 | Research | Feudal Age |
| 6:53 | Build | House |
| 6:55 | Create | Militia |
| 7:18 | Create | Militia |
| 7:41 | Create | Villager (Male) |
| 7:46 | Create | Militia |
| 8:03 | Create | Villager (Male) |
| 8:05 | Build | Mill |
| 8:40 | Create | Villager (Male) |
| 8:43 | Build | House |
| 8:48 | Build | Palisade Wall |
| 8:52 | Build | Palisade Wall |
| 8:56 | Age | Feudal Age |
| 8:59 | Build | Watch Tower |
| 9:07 | Build | Palisade Wall |
| 9:11 | Build | House |
| 9:17 | Create | Villager (Male) |
| 9:17 | Create | Villager (Male) |
| 9:18 | Build | Farm |
| 9:20 | Build | Farm |
| 9:38 | Create | Villager (Male) |
| 9:40 | Build | House |
| 9:42 | Build | Palisade Wall |
| 9:47 | Build | Stone Wall |
| 9:47 | Build | Stone Wall |
| 9:49 | Build | Stone Wall |
| 9:50 | Build | Stone Wall |
| 10:02 | Build | Stone Wall |
| 10:04 | Build | Stone Wall |
| 10:04 | Build | Stone Wall |
| 10:16 | Create | Villager (Male) |
| 10:42 | Build | Archery Range |
| 10:51 | Create | Villager (Male) |
| 11:07 | Create | Villager (Male) |
| 11:15 | Create | Skirmisher |
| 11:22 | Build | Palisade Wall |
| 11:24 | Build | Palisade Wall |
| 11:30 | Create | Villager (Male) |
| 12:02 | Build | Mill |
| 12:07 | Build | Mill |
| 12:08 | Create | Skirmisher |
| 12:11 | Create | Villager (Male) |
| 12:14 | Build | Stone Wall |
| 12:17 | Build | Stone Wall |
| 12:19 | Build | Stone Wall |
| 12:24 | Build | Stone Wall |
| 12:29 | Create | Skirmisher |
| 12:47 | Create | Villager (Male) |
| 12:47 | Create | Villager (Male) |
| 12:53 | Build | Mining Camp |
| 13:04 | Create | Villager (Male) |
| 13:09 | Create | Villager (Male) |
| 13:15 | Build | Stone Wall |
| 13:16 | Build | Stone Wall |
| 13:26 | Create | Villager (Male) |
| 13:30 | Build | Farm |
| 13:45 | Create | Villager (Male) |
| 13:47 | Build | Farm |
| 13:48 | Build | Farm |
| 14:06 | Create | Villager (Male) |
| 14:13 | Create | Villager (Male) |
| 14:16 | Create | Villager (Male) |
| 14:49 | Create | Villager (Male) |
| 14:51 | Build | Blacksmith |
| 14:53 | Build | Farm |
| 14:58 | Create | Villager (Male) |
| 15:16 | Build | Stable |
| 15:17 | Build | Farm |
| 15:23 | Create | Villager (Male) |
| 15:25 | Build | Farm |
| 15:50 | Build | Stone Wall |
| 15:51 | Create | Villager (Male) |
| 15:54 | Create | Villager (Male) |
| 15:57 | Create | Villager (Male) |
| 16:04 | Create | Villager (Male) |
| 16:14 | Build | Watch Tower |
| 16:18 | Create | Scout Cavalry |
| 16:26 | Build | Mining Camp |
| 16:37 | Build | Stone Wall |
| 16:38 | Build | Stone Wall |
| 16:38 | Build | Stone Wall |
| 16:40 | Build | Stone Wall |
| 16:43 | Build | Palisade Wall |
| 16:48 | Create | Villager (Male) |
| 16:55 | Create | Villager (Male) |
| 16:59 | Create | Villager (Male) |
| 17:00 | Build | House |
| 17:06 | Create | Scout Cavalry |
| 17:14 | Build | Palisade Wall |
| 17:15 | Create | Villager (Male) |
| 17:15 | Create | Villager (Male) |
| 17:18 | Build | Palisade Wall |
| 17:20 | Build | Stone Wall |
| 17:39 | Create | Villager (Male) |
| 17:42 | Create | Villager (Male) |
| 18:11 | Build | House |
| 18:19 | Create | Villager (Male) |
| 18:33 | Create | Scout Cavalry |
| 18:34 | Create | Scout Cavalry |
| 18:38 | Build | Farm |
| 18:38 | Build | Farm |
| 18:39 | Create | Villager (Male) |
| 18:40 | Build | Farm |
| 18:45 | Create | Villager (Male) |
| 18:48 | Build | Market |
| 19:05 | Build | Watch Tower |
| 19:13 | Build | Stone Wall |
| 19:54 | Build | House |
| 20:07 | Research | Castle Age |
| 20:15 | Create | Scout Cavalry |
| 20:28 | Build | Palisade Wall |
| 20:32 | Build | Farm |
| 20:33 | Build | Farm |
| 20:34 | Research | Horse Collar |
| 20:41 | Create | Villager (Male) |
| 20:54 | Research | Forging |
| 20:54 | Research | Forging |
| 21:02 | Build | Palisade Wall |
| 21:11 | Research | Scale Barding Armor |
| 21:27 | Create | Scout Cavalry |
| 21:32 | Build | Farm |
| 21:38 | Create | Villager (Male) |
| 21:49 | Create | Villager (Male) |
| 22:09 | Create | Villager (Male) |
| 22:18 | Research | Bloodlines |
| 22:18 | Create | Villager (Male) |
Build order — Skirmisher Timing
First 150 of 246 actions detected
| 0:02 | Create | Villager (Male) ×4 |
| 0:03 | Build | House |
| 0:04 | Build | House |
| 1:25 | Create | Villager (Male) |
| 1:25 | Create | Villager (Male) |
| 1:36 | Create | Villager (Male) |
| 1:37 | Create | Villager (Male) |
| 1:59 | Build | Lumber Camp |
| 2:11 | Create | Villager (Male) |
| 2:11 | Create | Villager (Male) |
| 2:11 | Create | Villager (Male) |
| 2:39 | Create | Villager (Male) |
| 2:39 | Create | Villager (Male) |
| 3:08 | Create | Villager (Male) |
| 3:09 | Create | Villager (Male) |
| 3:38 | Build | Mill |
| 3:41 | Create | Villager (Male) |
| 3:41 | Create | Villager (Male) |
| 4:08 | Build | House |
| 4:09 | Create | Villager (Male) |
| 4:09 | Create | Villager (Male) |
| 4:38 | Create | Villager (Male) |
| 4:38 | Create | Villager (Male) |
| 5:00 | Create | Villager (Male) |
| 5:00 | Create | Villager (Male) |
| 5:27 | Create | Villager (Male) |
| 5:27 | Create | Villager (Male) |
| 5:45 | Build | Barracks |
| 5:54 | Create | Villager (Male) |
| 5:54 | Research | Loom |
| 6:12 | Build | House |
| 6:57 | Build | Mining Camp |
| 7:09 | Research | Feudal Age |
| 7:21 | Create | Militia |
| 7:41 | Create | Militia |
| 7:41 | Create | Militia |
| 8:12 | Create | Militia |
| 8:14 | Build | House |
| 8:50 | Create | Villager (Male) |
| 8:52 | Create | Militia |
| 9:19 | Age | Feudal Age |
| 9:21 | Research | Man-at-Arms (upgrade) |
| 9:21 | Research | Man-at-Arms (upgrade) |
| 9:25 | Build | Palisade Wall |
| 9:26 | Build | Palisade Wall |
| 9:29 | Build | House |
| 9:30 | Build | Palisade Wall |
| 9:32 | Create | Villager (Male) |
| 9:37 | Research | Town Watch |
| 9:37 | Build | Archery Range |
| 9:39 | Build | Palisade Wall |
| 9:54 | Build | Palisade Wall |
| 10:08 | Build | House |
| 10:12 | Create | Villager (Male) |
| 10:17 | Build | Farm |
| 10:18 | Build | Farm |
| 10:31 | Create | Villager (Male) |
| 10:39 | Create | Militia |
| 10:45 | Build | Farm |
| 10:46 | Build | Farm |
| 10:54 | Build | Farm |
| 10:57 | Build | Farm |
| 10:59 | Create | Villager (Male) |
| 11:09 | Create | Archer |
| 11:17 | Create | Skirmisher |
| 11:23 | Create | Villager (Male) |
| 11:40 | Build | Farm |
| 11:42 | Build | Farm |
| 11:48 | Create | Skirmisher |
| 11:56 | Build | Farm |
| 11:59 | Build | Farm |
| 12:25 | Build | Farm |
| 12:25 | Create | Villager (Male) |
| 12:25 | Create | Villager (Male) |
| 12:40 | Create | Skirmisher |
| 12:48 | Build | Farm |
| 12:58 | Build | Lumber Camp |
| 13:08 | Create | Villager (Male) |
| 13:18 | Build | House |
| 13:19 | Build | House |
| 13:27 | Create | Villager (Male) |
| 13:28 | Create | Villager (Male) |
| 13:32 | Create | Skirmisher |
| 13:40 | Build | Watch Tower |
| 13:43 | Create | Skirmisher |
| 14:01 | Create | Villager (Male) |
| 14:12 | Build | Palisade Wall |
| 14:14 | Create | Villager (Male) |
| 14:16 | Build | Farm |
| 14:24 | Create | Skirmisher |
| 14:39 | Create | Villager (Male) |
| 14:47 | Build | Farm |
| 14:48 | Build | Farm |
| 14:55 | Create | Skirmisher |
| 15:04 | Build | Farm |
| 15:12 | Build | Farm |
| 15:13 | Create | Villager (Male) |
| 15:17 | Build | Farm |
| 15:29 | Build | Farm |
| 15:38 | Create | Villager (Male) |
| 15:47 | Build | Farm |
| 15:54 | Create | Villager (Male) |
| 15:57 | Build | Palisade Wall |
| 15:58 | Build | Palisade Wall |
| 16:06 | Research | Double-Bit Axe |
| 16:06 | Research | Double-Bit Axe |
| 16:22 | Create | Villager (Male) |
| 16:22 | Create | Villager (Male) |
| 16:38 | Build | House |
| 16:51 | Build | Palisade Wall |
| 16:53 | Build | Palisade Wall |
| 16:54 | Build | Palisade Wall |
| 16:55 | Build | Palisade Wall |
| 16:58 | Create | Villager (Male) |
| 17:11 | Research | Horse Collar |
| 17:11 | Research | Horse Collar |
| 17:14 | Build | Farm |
| 17:14 | Build | Farm |
| 17:14 | Build | Farm |
| 17:15 | Build | Farm |
| 17:15 | Build | Farm |
| 17:30 | Create | Villager (Male) |
| 17:48 | Build | House |
| 17:49 | Create | Villager (Male) |
| 17:50 | Create | Villager (Male) |
| 17:53 | Build | Farm |
| 17:55 | Build | Farm |
| 17:56 | Build | Farm |
| 18:00 | Create | Villager (Male) |
| 18:11 | Build | Palisade Gate |
| 18:22 | Build | Palisade Gate |
| 18:32 | Create | Villager (Male) ×3 |
| 18:45 | Build | Market |
| 19:04 | Build | House |
| 19:05 | Build | House |
| 19:06 | Build | House |
| 19:06 | Build | House |
| 19:09 | Build | House |
| 19:10 | Build | House |
| 19:12 | Build | House |
| 19:13 | Build | House |
| 19:15 | Create | Villager (Male) |
| 19:21 | Build | Farm |
| 19:23 | Build | Farm |
| 20:07 | Create | Villager (Male) |
| 20:15 | Build | Stable |
| 20:31 | Research | Castle Age |
| 20:31 | Research | Castle Age |
| 20:31 | Research | Castle Age |
| 20:38 | Research | Gold Mining |
Match timeline
| 5:29 | DS_VarVa · first_building Barracks |
| 5:43 | DS_VarVa · wall_segment Palisade Wall x1 |
| 5:45 | Skirmisher Timing · first_building Barracks |
| 8:48 | DS_VarVa · wall_segment Palisade Wall x1 |
| 8:52 | DS_VarVa · wall_segment Palisade Wall x4 |
| 8:56 | DS_VarVa · age_up feudal |
| 9:07 | DS_VarVa · wall_segment Palisade Wall x1 |
| 9:19 | Skirmisher Timing · age_up feudal |
| 9:25 | Skirmisher Timing · wall_segment Palisade Wall x1 |
| 9:26 | Skirmisher Timing · wall_segment Palisade Wall x1 |
| 9:30 | Skirmisher Timing · wall_segment Palisade Wall x1 |
| 9:37 | Skirmisher Timing · first_building Archery Range |
| 9:39 | Skirmisher Timing · wall_segment Palisade Wall x1 |
| 9:42 | DS_VarVa · wall_segment Palisade Wall x1 |
| 9:47 | DS_VarVa · wall_segment Stone Wall x1 |
| 9:47 | DS_VarVa · wall_segment Stone Wall x1 |
| 9:49 | DS_VarVa · wall_segment Stone Wall x1 |
| 9:50 | DS_VarVa · wall_segment Stone Wall x1 |
| 9:54 | Skirmisher Timing · wall_segment Palisade Wall x2 |
| 10:02 | DS_VarVa · wall_segment Stone Wall x1 |
| 10:04 | DS_VarVa · wall_segment Stone Wall x1 |
| 10:04 | DS_VarVa · wall_segment Stone Wall x1 |
| 10:42 | DS_VarVa · first_building Archery Range |
| 11:22 | DS_VarVa · wall_segment Palisade Wall x12 |
| 11:24 | DS_VarVa · wall_segment Palisade Wall x4 |
| 12:14 | DS_VarVa · wall_segment Stone Wall x1 |
| 12:17 | DS_VarVa · wall_segment Stone Wall x1 |
| 12:19 | DS_VarVa · wall_segment Stone Wall x1 |
| 12:24 | DS_VarVa · wall_segment Stone Wall x1 |
| 13:15 | DS_VarVa · wall_segment Stone Wall x1 |
| 13:16 | DS_VarVa · wall_segment Stone Wall x1 |
| 14:12 | Skirmisher Timing · wall_segment Palisade Wall x1 |
| 15:16 | DS_VarVa · first_building Stable |
| 15:50 | DS_VarVa · wall_segment Stone Wall x1 |
| 15:57 | Skirmisher Timing · wall_segment Palisade Wall x1 |
| 15:58 | Skirmisher Timing · wall_segment Palisade Wall x1 |
| 16:37 | DS_VarVa · wall_segment Stone Wall x1 |
| 16:38 | DS_VarVa · wall_segment Stone Wall x1 |
| 16:38 | DS_VarVa · wall_segment Stone Wall x1 |
| 16:40 | DS_VarVa · wall_segment Stone Wall x1 |
| 16:43 | DS_VarVa · wall_segment Palisade Wall x1 |
| 16:51 | Skirmisher Timing · wall_segment Palisade Wall x1 |
| 16:53 | Skirmisher Timing · wall_segment Palisade Wall x1 |
| 16:54 | Skirmisher Timing · wall_segment Palisade Wall x1 |
| 16:55 | Skirmisher Timing · wall_segment Palisade Wall x1 |
| 17:14 | DS_VarVa · wall_segment Palisade Wall x1 |
| 17:18 | DS_VarVa · wall_segment Palisade Wall x1 |
| 17:20 | DS_VarVa · wall_segment Stone Wall x1 |
| 19:13 | DS_VarVa · wall_segment Stone Wall x1 |
| 19:56 | DS_VarVa · first_market_sell 100 wood |
| 19:57 | DS_VarVa · first_market_buy 100 food |
| 19:58 | Skirmisher Timing · first_market_buy 100 food |
| 20:15 | Skirmisher Timing · first_building Stable |
| 20:28 | DS_VarVa · wall_segment Palisade Wall x2 |
| 21:02 | DS_VarVa · wall_segment Palisade Wall x1 |
| 22:47 | DS_VarVa · age_up castle |
| 22:51 | DS_VarVa · first_building Krepost |
| 23:30 | Skirmisher Timing · age_up castle |
| 23:40 | Skirmisher Timing · first_building Monastery |
| 23:49 | Skirmisher Timing · wall_segment Palisade Wall x1 |
| 23:54 | Skirmisher Timing · wall_segment Palisade Wall x1 |
| 24:16 | DS_VarVa · first_building Monastery |
| 24:22 | DS_VarVa · wall_segment Palisade Wall x1 |
| 24:22 | DS_VarVa · wall_segment Palisade Wall x1 |
| 24:23 | DS_VarVa · wall_segment Palisade Wall x11 |
| 24:47 | Skirmisher Timing · wall_segment Palisade Wall x1 |
| 25:19 | DS_VarVa · wall_segment Palisade Wall x8 |
| 26:09 | DS_VarVa · wall_segment Palisade Wall x1 |
| 26:10 | Skirmisher Timing · first_market_sell 100 food |
| 27:00 | DS_VarVa · wall_segment Stone Wall x1 |
| 27:01 | DS_VarVa · wall_segment Stone Wall x1 |
| 27:02 | DS_VarVa · wall_segment Stone Wall x1 |
| 27:02 | DS_VarVa · wall_segment Stone Wall x1 |
| 27:06 | DS_VarVa · wall_segment Stone Wall x1 |
| 27:08 | DS_VarVa · wall_segment Stone Wall x1 |
| 27:22 | DS_VarVa · wall_segment Stone Wall x1 |
| 27:22 | DS_VarVa · wall_segment Stone Wall x1 |
| 27:25 | DS_VarVa · wall_segment Stone Wall x1 |
| 27:28 | DS_VarVa · wall_segment Stone Wall x4 |
| 27:52 | DS_VarVa · wall_segment Stone Wall x1 |
| 27:53 | DS_VarVa · wall_segment Stone Wall x1 |
| 28:18 | DS_VarVa · wall_segment Stone Wall x1 |
| 28:19 | DS_VarVa · wall_segment Stone Wall x1 |
| 28:19 | DS_VarVa · wall_segment Stone Wall x1 |
| 30:14 | Skirmisher Timing · resign |
[ AI ANALYSIS · 1 CREDIT ]
What really happened in this match?
Wolo.gg analyzes every decision: build order, eco, micro, common mistakes by bracket. Personalized analysis on WhatsApp or Discord in 30 seconds.
Civ guide
Bulgarians
Perfil
Jugador #4129359